Construct Infanterie Kompanie
Selects Mechanized Battlegroup
Construct Luftwaffe Kompanie
Marder III M Tank Destroyer
Selects Wespe Self-propelled Artillery
Construct Panzergrenadier Kompanie
Luftwaffe Officer Quarters
Nebelwerfer 42 Rocket Launcher Team
Wespe Self-propelled Artillery
Selects Zeroing Artillery Barrage
Panzergrenadier Officer Quarters
Construct Panzer Kompanie
Selects StuG Assault Group
Selects UNKNOWN (2160084)
Zeroing Artillery Barrage